 Dungeon Crawl Stone Soup version 0.26.1-11-gd32895ea62 (webtiles) character file.

Game seed: 8016768935048105424

881 Towns the Cleaver (level 8, -7/71 HPs)
             Began as a Hill Orc Monk on June 29, 2021.
             Was a Believer of Beogh.
             Mangled by an ogre
             ... wielding a +0 giant club
              (24 damage)
             ... on level 6 of the Dungeon.
             The game lasted 00:36:14 (6376 turns).

Towns the Cleaver (Hill Orc Monk)                   Turns: 6376, Time: 00:36:14

Health: -7/71      AC: 11    Str: 16    XL:     8   Next: 5%
Magic:  8/8        EV: 10    Int: 10    God:    Beogh [**....]
Gold:   341        SH:  0    Dex: 13    Spells: 7/7 levels left

rFire    . . .     SeeInvis .   B - +0 war axe
rCold    . . .     Faith    .   (no shield)
rNeg     . . .     Spirit   .   p - +0 scale mail
rPois    .         Reflect  .   q - +0 helmet
rElec    .         Harm     .   (no cloak)
rCorr    .         Rampage  .   o - +0 pair of gloves
Will     .....                  r - +1 pair of boots
Stlth    ..........             (no amulet)
HPRegen  0.21/turn              (no ring)
MPRegen  0.11/turn              (no ring)

@: no status effects
A: no striking features
a: Renounce Religion, Smiting


You were on level 6 of the Dungeon.
You worshipped Beogh.
Beogh was pleased with you.
You visited 2 branches of the dungeon, and saw 7 of its levels.
You also visited: Ossuary.

You collected 341 gold pieces.

Inventory:

Hand Weapons
 a - a +0 hand axe
 B - a +0 war axe (weapon)
Missiles
 d - 157 stones (quivered)
Armour
 k - a +0 ring mail of cold resistance
 o - a +0 pair of gloves (worn)
 p - a +0 scale mail (worn)
 q - a +0 helmet (worn)
 r - a +1 pair of boots (worn)
 s - a +0 chain mail
 F - a cursed +0 pair of boots
Jewellery
 g - an uncursed ring of stealth {unknown}
 h - an uncursed amulet of reflection {unknown}
 G - a cursed ring of teleportation {unknown}
Wands
 D - a wand of paralysis (6)
Scrolls
 c - 2 scrolls of identify
 e - 3 scrolls of amnesia
 f - a scroll of enchant armour
 i - a scroll of random uselessness {unknown}
 t - a scroll of immolation {unknown}
 u - a scroll of magic mapping {unknown}
 x - a scroll of enchant weapon {unknown}
 y - 2 scrolls of blinking
 A - a scroll of remove curse {unknown}
Potions
 b - a potion of might
 j - 3 potions of flight
 l - a potion of cancellation
 m - a potion of haste
 n - 2 potions of curing
 v - 3 potions of attraction
 w - 3 potions of lignification
 z - 2 potions of heal wounds
 C - a potion of brilliance
 E - a potion of invisibility


   Skills:
 + Level 6.4 Fighting
 * Level 9.1 Axes
 + Level 4.5 Armour
 - Level 2.4 Dodging
 - Level 1.5 Stealth


You had 7 spell levels left.
You didn't know any spells.
Your spell library contained the following spells:

 Spells                   Type           Power        Failure   Level
 Confusing Touch          Hex            0%           98%         3
 Gell's Gravitas          Tloc           0%           98%         3
 Petrify                  Tmut/Erth      0%           100%        4
 Metabolic Englaciation   Hex/Ice        0%           100%        5
 Yara's Violent Unravell  Hex/Tmut       0%           100%        5


Dungeon Overview and Level Annotations

Branches:
Dungeon (6/15)             Temple (1/1) D:4         Ossuary (visited)

Altars:
Cheibriados
Dithmenos
Elyvilon
Fedhas
Gozag
Hepliaklqana
Kikubaaqudgha
Makhleb
Nemelex Xobeh
Okawaru
Qazlal
Ru
Sif Muna
Uskayaw
Vehumet
Xom
Yredelemnul
Zin
The Shining One

Annotations:
D:5 3 runed translucent doors, PaiMei's ghost, novice DsNe


Message History

The ogre hits you with a +0 giant club.
You closely miss the ogre.
The ogre is heavily wounded.
The ogre closely misses you.
You hit the ogre.
The ogre is severely wounded.
You hit the ogre but do no damage.
The ogre is severely wounded.
The ogre hits you with a +0 giant club!
You closely miss the ogre.
The ogre is severely wounded.
The ogre hits you with a +0 giant club!
You slash the ogre!
The ogre is almost dead.
The ogre hits you with a +0 giant club!!
* * * LOW HITPOINT WARNING * * *
You barely miss the ogre.
The ogre is almost dead.
The ogre hits you with a +0 giant club!!
You die...

### ###
#####.########.###
.................#
#####..........#.#
....#....#####.#@#
###.#..#...# #.#O#
.........#.#.#....)#
....#........#.....#
######.#.#.........#
.........######....#
...................(
.#.#########.##....#(
.#......# ......♣(


You could see an ogre.

Vanquished Creatures
  A phantom (D:5)
  2 bullfrogs (D:6)
  2 scorpions
  2 orc wizards
  2 hounds (D:5)
  Ijyb (D:3)
  4 worker ants
  Natasha (thrice) (D:2)
  An iguana (D:5)
  2 big kobold zombies (Ossuary)
  3 mummies (Ossuary)
  3 adders
  A white imp (D:5)
  3 ufetubi
  An ooze (D:4)
  An adder skeleton (D:4)
  4 worms
  2 dart slugs
  4 leopard geckos
  7 orcs
  12 bats
  2 giant cockroaches
  5 goblins
  7 hobgoblins
  8 jackals
  A quokka (D:2)
  7 frilled lizards
  2 goblin zombies (Ossuary)
  2 hobgoblin zombies (Ossuary)
  5 kobolds
  2 kobold zombies (Ossuary)
  A quokka zombie (D:5)
  7 rats
110 creatures vanquished.

Vanquished Creatures (others)
  An adder (D:6)
  An orc (D:6)
2 creatures vanquished.

Grand Total: 112 creatures vanquished

Notes
Turn   | Place    | Note
-------+----------+-------------------------------------------
     0 | D:1      | Towns the Hill Orc Monk began the quest for the Orb.
     0 | D:1      | Reached XP level 1. HP: 19/19 MP: 1/1
   319 | D:1      | Reached XP level 2. HP: 27/27 MP: 2/2
   513 | D:1      | Reached skill level 1 in Armour
   628 | D:1      | Reached XP level 3. HP: 19/33 MP: 3/3
  1015 | D:1      | Reached skill level 5 in Axes
  1476 | D:2      | Noticed Natasha
  1484 | D:2      | Killed Natasha
  1485 | D:2      | Reached XP level 4. HP: 30/41 MP: 4/4
  1485 | D:2      | Noticed Natasha
  1517 | D:2      | Killed Natasha
  1954 | D:2      | Found a shimmering blue altar of Sif Muna.
  2025 | D:2      | Noticed Natasha
  2035 | D:2      | Killed Natasha
  2036 | D:2      | Reached skill level 6 in Axes
  2036 | D:2      | Reached XP level 5. HP: 34/47 MP: 5/5
  2673 | D:3      | Noticed Ijyb
  2709 | D:3      | Killed Ijyb
  3065 | D:3      | Found a blossoming altar of Fedhas.
  3118 | D:3      | Reached skill level 5 in Fighting
  3118 | D:3      | Reached XP level 6. HP: 47/56 MP: 6/6
  3670 | D:4      | Found a staircase to the Ecumenical Temple.
  3727 | D:4      | Reached skill level 7 in Axes
  3814 | D:4      | Found a sand-covered staircase.
  3823 | Ossuary  | Entered an ossuary
  4894 | Temple   | Entered the Ecumenical Temple
  4992 | D:5      | Entered Level 5 of the Dungeon
  5056 | D:5      | Reached XP level 7. HP: 49/61 MP: 7/7
  5290 | D:5      | Reached skill level 8 in Axes
  5504 | D:5      | Found a runed translucent gate.
  5508 | D:5      | Found a runed translucent gate.
  5508 | D:5      | Found a runed translucent gate.
  5509 | D:5      | Noticed PaiMei's ghost (novice DsNe)
  5510 | D:5      | Identified the +6 dagger of Veon {chaos, rF+}
  5694 | D:5      | Found a glowing golden altar of the Shining One.
  6229 | D:6      | Became a worshipper of Beogh the Brigand
  6229 | D:6      | Reached * piety under Beogh
  6229 | D:6      | Reached ** piety under Beogh
  6252 | D:6      | Reached skill level 9 in Axes
  6252 | D:6      | Reached XP level 8. HP: 66/71 MP: 8/8
  6376 | D:6      | Mangled by an ogre

Illustrated notes

Levels and vault maps discovered:
D:1:      heliophobic_arrival_glass_houses, layout_basic
D:2:      kennysheep_big_flooded_room, layout_basic, marbit_many_paths,
          kennysheep_generic_room_6, uniq_natasha
D:3:      layout_basic, fedhas_altar_2, serial_bayou_pond_e, uniq_ijyb
D:4:      layout_basic, minmay_temple_entry_large_hall,
          lightli_ossuary_entry_decrepit_ruins, chequers_serial_rivers_micro_a,
          hangedman_decor_lopped
D:5:      layout_basic, tso_metal_star, gammafunk_ghost_nasty_kobolds,
          lemuel_old_faithful
D:6:      layout_basic, minmay_hedge_maze, grunt_ministairs_2
Temple:   compressed_dpeg_circular_temple

Skill      XL: |  1  2  3  4  5  6  7 |
---------------+----------------------+-----
Armour         | 1 2 3 4 |  4.5
Fighting       | 4 5 6 |  6.4
Axes           | 5 6 7 9 |  9.1
Dodging        | |  2.4
Stealth        | |  1.5

Action                   |  1- 3 |  4- 6 |  7- 9 || total
-------------------------+-------+-------+-------++-------
Melee: Hand axe          |   112 |   299 |    34 ||   445
       War axe           |       |       |    63 ||    63
Throw: Stone             |    14 |    42 |    48 ||   104
Invok: Convert to Beogh  |       |       |     1 ||     1
  Use: Potion            |       |     2 |       ||     2
       Scroll            |       |    10 |     2 ||    12
Armor: Robe              |    22 |       |       ||    22
       Scale mail        |     6 |   119 |    36 ||   161
       Skin              |       |    34 |       ||    34
Dodge: Dodged            |    73 |   105 |    41 ||   219
